Match 47066059
Unlisted

Match 47066059
End
Panzergrenadier Squad
Kradschützen Motorcycle Team
Panzergrenadier Squad
Panzergrenadier Squad
Construct Light Support Kompanie
Fire Support Elements
Selects Armored Support Battlegroup
Selects Veteran Gunners
2.5-tonne Medical Truck
Pak 38 Mechanized Group
Flakvierling Half-track
Pak 38 Anti-tank Gun Team
Tungsten Core Ammunition
Pak 38 Mechanized Group
Selects Salvage Kits
Selects Panzer Storm
Construct Panzerarmee Kommand
Vehicle Survival Package
Emergency Repair Kits
Armored Reserves
Panzer IV Assault Group
Selects Stuka Anti-tank Loiter
Stuka Anti-tank Loiter
UH|dun! ツ
UH|ck
iceman
(:Komrades:) AntAttack
Butterfinger
CHOcho
0
0

Comments sign in to comment!

No comments posted yet!